 Dungeon Crawl Stone Soup version 0.21-a0-504-g2eda330 (webtiles) character file.

81 tof the Slasher (level 4, 0/52 HPs)
             Began as a Demonspawn Berserker on Nov 26, 2017.
             Was a Follower of Trog.
             Succumbed to a scorpion's poison
             ... on level 2 of the Dungeon.
             The game lasted 00:01:27 (1303 turns).

tof the Slasher (Demonspawn Berserker)              Turns: 1303, Time: 00:01:28

Health: 0/52       AC: 22    Str: 17    XL:     4   Next: 19%
Magic:  4/4        EV:  2    Int:  9    God:    Trog [*.....]
Gold:   51         SH:  0    Dex: 13    Spells: 3/3 levels left

rFire    . . .     SeeInvis .   a - +0 falchion
rCold    . . .     Gourm    .   (no shield)
rNeg     + + +     Faith    .   (armour currently unavailable)
rPois    +         Spirit   .   (helmet currently unavailable)
rElec    .         Reflect  .   (cloak currently unavailable)
rCorr    .         Harm     .   (gloves currently unavailable)
MR       .....     NoTele   +   (boots currently unavailable)
Stlth    ++........             (no amulet)
HPRegen  0.17/turn              g - ring of teleportation (curse)
MPRegen  0.09/turn              (no ring)

@: lethally poisoned (0 -> -4), tree-form, berserk cooldown, slowed, very slow
A: nightstalker 1
a: Berserk, Burn Spellbooks, Renounce Religion


You were on level 2 of the Dungeon.
You worshipped Trog.
Trog was aware of your devotion.
You were hungry.
You were a tree.
You visited 1 branch of the dungeon, and saw 2 of its levels.

You collected 51 gold pieces.

Inventory:

Hand Weapons
 a - a +0 falchion (weapon)
Armour
 h - a +0 leather armour (melded)
 m - a +0 helmet (melded)
Jewellery
 g - a cursed ring of teleportation (left branch)
 l - a cursed ring of fire {unknown}
Scrolls
 d - a scroll of teleportation {unknown}
 e - 4 scrolls of remove curse {unknown}
 f - 2 scrolls of magic mapping {unknown}
 i - a scroll of fog {unknown}
 n - a scroll of identify {unknown}
Comestibles
 c - 2 bread rations
 j - a meat ration
 k - 3 fruits


   Skills:
 + Level 3.4 Fighting
 * Level 3.6 Long Blades
 + Level 2.3 Armour
 + Level 2.3 Dodging


You had 3 spell levels left.
You didn't know any spells.

Dungeon Overview and Level Annotations

Branches:
Dungeon (2/15)

Altars:


Innate Abilities, Weirdness & Mutations

((You have sharp toenails.))
You are slightly more attuned to the shadows.


Message History

There is a lethal amount of poison in your body!
* * * LOW HITPOINT WARNING * * *
You feel sick.
* * * LOW HITPOINT WARNING * * *
You feel sick.
* * * LOW HITPOINT WARNING * * *
You feel sick.
* * * LOW HITPOINT WARNING * * *
You feel sick.
* * * LOW HITPOINT WARNING * * *
You feel sick.
* * * LOW HITPOINT WARNING * * *
You feel sick.
* * * LOW HITPOINT WARNING * * *
You feel sick.
* * * LOW HITPOINT WARNING * * *
You feel sick.
* * * LOW HITPOINT WARNING * * *
You feel sick.
You die...

..# ... #..
#.# #.#
#####.#####
#..<.....<#
#.#.#.###..
# #.#♣#
#.#†# #.#.#
#.#.# #.#.#
#.# #.#


There were no monsters in sight!

Vanquished Creatures
  A scorpion (D:2)
  A dart slug (D:1)
  3 leopard geckos (D:1)
  4 bats (D:1)
  2 giant cockroaches (D:1)
  4 jackals (D:1)
  4 frilled lizards (D:1)
  2 goblins (D:1)
  2 kobolds (D:1)
  4 rats (D:1)
27 creatures vanquished.

Notes
Turn   | Place    | Note
-------+----------+-------------------------------------------
     0 | D:1      | tof the Demonspawn Berserker began the quest for the Orb.
     0 | D:1      | Reached XP level 1. HP: 18/18 MP: 1/1
   345 | D:1      | Gained mutation: You are slightly more attuned to the shadows. [demonic ancestry]
   345 | D:1      | Reached XP level 2. HP: 23/24 MP: 2/2
   971 | D:1      | Reached XP level 3. HP: 22/29 MP: 3/3
  1276 | D:2      | Noticed a scorpion
  1288 | D:2      | Killed a scorpion
  1288 | D:2      | Gained mutation: You have sharp toenails. [demonic ancestry]
  1288 | D:2      | Reached XP level 4. HP: 18/35 MP: 4/4
  1300 | D:2      | HP: 2/52 [poisoned by a scorpion]
  1303 | D:2      | Succumbed to a scorpion's poison

Vault maps used:
D:1:      dpeg_arrival_tiny_k

Skill      XL: |  1  2 |
---------------+-------+-----
Armour         | 2 |  2.3
Long Blades    | 3 |  3.6
Dodging        | 2 |  2.3
Fighting       | |  3.4

Action                   |  1- 3 |  4- 6 || total
-------------------------+-------+-------++-------
Melee: Falchion          |    74 |       ||    74
Invok: Berserk           |     1 |       ||     1
  Use: Potion            |       |     1 ||     1
 Stab: Sleeping          |     6 |       ||     6
  Eat: Chunk             |     1 |       ||     1
Armor: Leather armour    |    21 |       ||    21
       Animal skin       |     1 |       ||     1
Dodge: Dodged            |    48 |       ||    48
       Rpst.: Falchion   |    18 |       ||    18

Table legend:
 A = Spawn XP
 B = Non-spawn XP
 C = Spawn XP percentage of total XP
 D = Spawn monster count
 E = Non-spawn monster count
 F = Spawn count percentage of total count
 G = Total turns spent on level
                    A         B        C        D         E        F      G
               +---------+---------+-------+---------+---------+-------+---------
         Total |       0 |     116 |   0.0 |       0 |      27 |   0.0 |  1303
               +---------+---------+-------+---------+---------+-------+---------
           D:1 |       0 |      44 |   0.0 |       0 |      26 |   0.0 |  1275
           D:2 |       0 |      72 |   0.0 |       0 |       1 |   0.0 |    28
               +---------+---------+-------+---------+---------+-------+---------
